 Dungeon Crawl Stone Soup version 0.24.0-125-gc4c63601f3 (webtiles) character file.

Game seed: 4787627019654456763, levelgen mode: deterministic

95980 Peloso the Peltast (level 15, -7/137 HPs)
             Began as a Minotaur Fighter on Mar 21, 2020.
             Was the Champion of Okawaru.
             Mangled by a shambling mangrove (16 damage)
             ... on level 3 of the Swamp.
             The game lasted 01:14:31 (25496 turns).

Peloso the Peltast (Minotaur Fighter)              Turns: 25496, Time: 01:14:31

Health: -7/137     AC: 18    Str: 31    XL:     15   Next: 67%
Magic:  15/15      EV: 10    Int:  9    God:    Okawaru [******]
Gold:   2365       SH: 21    Dex: 13    Spells: 14/14 levels left

rFire    . . .     SeeInvis .   a - +11 long sword of Juonty {drain, Str+4 Stlth-}
rCold    . . .     Gourm    .   c - +0 shield {reflect}
rNeg     + + .     Faith    .   R - +0 chain mail of Winter {rElec rC+ rN++}
rPois    +         Spirit   .   (helmet restricted)
rElec    +         Reflect  +   h - scarf {cloud immunity}
rCorr    .         Harm     .   z - +0 pair of gloves {Str+3}
MR       ++...                  Y - +2 pair of boots
Stlth    ..........             y - amulet "Koucon" {Reflect +Fly rElec rC- Int+4 SH+5}
HPRegen  0.32/turn              V - ring of poison resistance
MPRegen  0.14/turn              W - ring of protection from magic

@: grasped by roots, constricted
A: retaliatory headbutt, horns 2
a: Heroism, Finesse, Renounce Religion, Evoke Flight


You were on level 3 of the Swamp.
You worshipped Okawaru.
Okawaru was exalted by your worship.
You were hungry.

You visited 5 branches of the dungeon, and saw 26 of its levels.
You also visited: Sewer and Ossuary.

You collected 2621 gold pieces.
You spent 256 gold pieces at shops.

Inventory:

Hand Weapons
 a - the +11 long sword of Juonty (weapon) {drain, Str+4 Stlth-}
   (You found it on level 5 of the Dungeon)

   A truly terrible weapon, it drains the life of those it strikes.
   It affects your strength (+4).
   It makes you less stealthy.
 b - a +3 scimitar of flaming
 k - a +2 long sword of electrocution
Armour
 c - a +0 shield of reflection (worn)
 h - a scarf of cloud immunity (worn)
 r - a +0 cloak
 s - +0 swamp dragon scales
 z - a +0 pair of gloves of strength (worn)
 H - a scarf of resistance
 I - a +1 chain mail of poison resistance
 R - the +0 chain mail of Winter (worn) {rElec rC+ rN++}
   (You bought it in a shop on level 10 of the Dungeon)

   It protects you from cold.
   It insulates you from electricity.
   It greatly protects you from negative energy.
 Y - a +2 pair of boots (worn)
Jewellery
 y - the amulet "Koucon" (around neck) {Reflect +Fly rElec rC- Int+4 SH+5}
   (You found it on level 1 of the Lair of Beasts)

   [amulet of reflection]

   It shields you and reflects attacks.
   It affects your intelligence (+4).
   It makes you vulnerable to cold.
   It insulates you from electricity.
   It lets you fly.
   It affects your SH (+5).
 N - an uncursed ring of see invisible
 V - a ring of poison resistance (left hand)
 W - a ring of protection from magic (right hand)
 Z - an uncursed ring of ice
Wands
 i - a wand of flame (15)
 n - a wand of paralysis (5)
 v - a wand of digging (1)
Scrolls
 e - 10 scrolls of teleportation
 g - 12 scrolls of remove curse
 l - a scroll of noise
 o - 3 scrolls of fear
 p - 2 scrolls of magic mapping
 q - a scroll of enchant armour
 t - a scroll of torment {unknown}
 u - 2 scrolls of brand weapon {unknown}
 J - 4 scrolls of enchant weapon {unknown}
 P - 2 scrolls of blinking {unknown}
 Q - a scroll of random uselessness {unknown}
 S - 2 scrolls of summoning {unknown}
 T - 4 scrolls of vulnerability {unknown}
 U - 2 scrolls of acquirement {unknown}
Potions
 d - 8 potions of might
 j - 2 potions of brilliance
 m - 7 potions of curing
 w - a potion of invisibility
 x - 5 potions of flight
 A - 2 potions of heal wounds
 B - 6 potions of agility
 C - 3 potions of haste
 D - a potion of magic
 F - 6 potions of degeneration
Comestibles
 f - 48 rations


   Skills:
 + Level 13.7 Fighting
 + Level 16.6 Long Blades
 + Level 14.6 Armour
 + Level 6.2 Dodging
 + Level 2.1 Stealth
 + Level 18.7 Shields
 + Level 2.0 Invocations
 + Level 1.5 Evocations


You had 14 spell levels left.
You didn't know any spells.
Your spell library contained the following spells:

 Spells                   Type           Power        Failure   Level  Hunger
 Animate Skeleton         Necr           N/A          77%         1    ##.....
 Apportation              Tloc           #.....       77%         1    ##.....
 Confusing Touch          Hex            #.....       77%         1    ##.....
 Infusion                 Chrm           #...         77%         1    ##.....
 Magic Dart               Conj           #...         77%         1    ##.....
 Pain                     Necr           #...         77%         1    ##.....
 Sandblast                Erth           #.....       77%         1    ##.....
 Summon Butterflies       Summ           #.......     77%         1    ##.....
 Summon Small Mammal      Summ           #...         77%         1    ##.....
 Blink                    Tloc           N/A          88%         2    ###....
 Call Imp                 Summ           #.......     88%         2    ###....
 Passwall                 Tmut/Erth      #.......     88%         2    ###....
 Searing Ray              Conj           #.....       88%         2    ###....
 Shroud of Golubria       Chrm/Tloc      #.....       88%         2    ###....
 Slow                     Hex            #.......     88%         2    ###....
 Song of Slaying          Chrm           #.......     88%         2    ###....
 Call Canine Familiar     Summ           #.......     98%         3    ####...
 Confuse                  Hex            #.......     98%         3    ####...
 Conjure Flame            Conj/Fire      #.......     98%         3    ####...
 Dazzling Spray           Conj/Hex       #.....       98%         3    ####...
 Gell's Gravitas          Tloc           #.........   98%         3    ####...
 Lesser Beckoning         Tloc           #.........   98%         3    ####...
 Mephitic Cloud           Conj/Pois/Air  #.......     98%         3    ####...
 Regeneration             Chrm/Necr      #.........   98%         3    ####...
 Spectral Weapon          Hex/Chrm       #.......     98%         3    ####...
 Stone Arrow              Conj/Erth      #.....       98%         3    ####...
 Summon Guardian Golem    Hex/Summ       #.......     98%         3    ####...
 Teleport Other           Tloc           #.......     98%         3    ####...
 Tukima's Dance           Hex            #.......     98%         3    ####...
 Vampiric Draining        Necr           #.........   98%         3    ####...
 Animate Dead             Necr           N/A          100%        4    #####..
 Force Lance              Conj/Tloc      #.......     100%        4    #####..
 Fulminant Prism          Conj/Hex       #.........   100%        4    #####..
 Iskenderun's Mystic Bla  Conj           #.......     100%        4    #####..
 Passage of Golubria      Tloc           N/A          100%        4    #####..
 Petrify                  Tmut/Erth      #.......     100%        4    #####..
 Summon Ice Beast         Ice/Summ       #.......     100%        4    #####..
 Summon Lightning Spire   Summ/Air       #.......     100%        4    #####..
 Alistair's Intoxication  Tmut/Pois      #.......     100%        5    ######.
 Lee's Rapid Deconstruct  Erth           #.........   100%        5    ######.
 Metabolic Englaciation   Hex/Ice        #.........   100%        5    ######.
 Yara's Violent Unravell  Hex/Tmut       #.........   100%        5    ######.
 Invisibility             Hex            #.......     100%        6    #######


Dungeon Overview and Level Annotations

Branches:
Dungeon (15/15)            Temple (1/1) D:6            Lair (5/6) D:10
  Swamp (3/4) Lair:4       Spider (0/4) Lair:2        Slime (0/5) Lair:5
    Orc (2/2) D:10            Elf (0/3) Orc:2        Vaults (0/5) D:14
 Depths (0/5) D:15          Sewer (visited)         Ossuary (visited)

Altars:
Ashenzari
Cheibriados
Dithmenos
Elyvilon
Fedhas
Gozag
Hepliaklqana
Kikubaaqudgha
Makhleb
Nemelex Xobeh
Okawaru
Qazlal
Ru
Sif Muna
Trog
Uskayaw
Vehumet
Wu Jian
Xom
Yredelemnul
Zin
The Shining One
Beogh

Shops:
D:5 (   D:10 *   Orc:1 %   Orc:2 =}=*

Annotations:
D:11 3 runed translucent doors, Rohyif's ghost, journeyman GnGl
Lair:2 exclusion: 3 oklob plants


Innate Abilities, Weirdness & Mutations

You reflexively headbutt those who attack you in melee.
You have a pair of horns on your head.


Message History

The shambling mangrove is lightly damaged.
The swamp worm bites you but does no damage.
You hit the shambling mangrove but do no damage.
The shambling mangrove is lightly damaged.
You block the spiny frog's attack. You block the swamp worm's attack.
The shambling mangrove hits you!!
* * * LOW HITPOINT WARNING * * *
The grasping roots constrict you!
Unknown command.
You hit the shambling mangrove but do no damage.
The shambling mangrove is lightly damaged.
The spiny frog stings you but does no damage.
You block the swamp worm's attack.
Unknown command.
You slash the shambling mangrove! You headbutt the shambling mangrove!
The shambling mangrove is moderately damaged.
The spiny frog stings you but does no damage.
The shambling mangrove hits you!!
* * * LOW HITPOINT WARNING * * *
You die...

#...♣♣♣♣≈...≈≈≈≈≈≈
.......♣♣≈.≈≈≈≈≈..
#...≈≈.♣♣♣♣≈≈§....
#..≈...♣♣♣♣.<.≈≈≈.
#......♣..≈≈≈.≈≈.≈
#..≈..♣♣.≈≈≈.....♣
#..♣≈≈≈.≈≈≈≈.≈.≈♣♣
#w.≈≈≈≈.≈≈≈.≈♣♣♣≈.
#@..≈≈≈.≈≈≈.≈♣♣♣♣.
#Ff≈....≈≈≈§≈≈≈♣.≈
.....≈.≈♣♣≈≈≈≈≈≈≈≈.≈≈
.....≈≈.≈♣♣♣.≈≈≈≈≈.≈..
♣♣♣.≈≈≈.≈♣ ♣♣≈≈≈≈..≈♣♣
♣.≈≈.♣♣♣ ♣≈≈≈...≈♣♣
♣§≈≈.♣♣ ♣.≈≈.≈≈♣♣
♣≈..♣♣ ♣♣.≈.≈♣♣ ♣♣♣♣
♣♣>≈♣♣


You could see a shambling mangrove, a spiny frog and a swamp worm.

Vanquished Creatures
  Jorgrun (D:15)
  Frances (D:12)
  Agnes (D:14)
  Donald (Swamp:1)
  A stone giant (D:15)
  The ghost of PejaSLU the Cleaver, a journeyman MiBe of Trog (Orc:1)
  An ettin (D:15)
  Josephine (D:12)
  A fire dragon (D:15)
  Fannar (Lair:1)
  11 hydras
  3 centaur warriors
  An ice dragon (D:15)
  A shambling mangrove (Swamp:2)
  An ogre mage (D:14)
  12 alligators
  4 two-headed ogres
  4 death yaks (Lair:5)
  7 orc high priests
  Sonja (D:13)
  3 skeletal warriors (D:15)
  2 unseen horrors
  4 swamp dragons (Swamp:1)
  The ghost of VPR the Chopper, a novice HOFi of Makhleb (D:5)
  A flayed ghost (D:15)
  An orb spider (Lair:2)
  11 ugly things
  2 manticores
  2 cyclopes
  A black mamba (Lair:4)
  A gargoyle (D:11)
  14 spiny frogs
  8 komodo dragons
  A rime drake (Lair:2)
  An efreet (D:15)
  5 trolls
  A tengu conjurer (D:11)
  3 meliai (D:14)
  14 slime creatures
  8 tyrant leeches
  4 hornets (Swamp:2)
  9 blink frogs
  3 bog bodies
  13 hippogriffs
  2 shadows
  4 wyverns
  29 yaks
  8 wraiths
  2 basilisks
  4 hungry ghosts
  A steam dragon (D:9)
  14 vampire mosquitoes
  An acid dragon (D:13)
  5 wargs (Orc:2)
  8 swamp worms
  A soldier ant (D:13)
  4 insubstantial wisps (Swamp:2)
  6 water moccasins
  11 porcupines
  A swamp drake (Swamp:1)
  14 orc warriors
  5 ice beasts
  5 sky beasts
  A black bear (D:8)
  A black bear (shapeshifter) (D:15)
  A necrophage (D:9)
  6 wolves (Lair:2)
  7 ogres
  A phantom (D:4)
  5 boggarts (D:14)
  3 centaurs
  7 crocodiles
  A big kobold (D:10)
  16 bullfrogs
  2 wyvern zombies
  7 scorpions
  5 killer bees (D:9)
  12 wights
  6 howler monkeys
  6 centaur zombies
  4 crimson imps
  2 bullfrog zombies
  4 hounds
  17 orc wizards
  4 bullfrog skeletons
  37 orc priests
  3 centaur skeletons
  11 jellies
  Jessica (D:2)
  4 iguanas
  10 worker ants
  4 killer bee zombies (Ossuary)
  A hound zombie (D:8)
  13 mummies (Ossuary)
  2 worker ant zombies (Ossuary)
  5 howler monkey zombies (Ossuary)
  15 adders
  9 shadow imps
  5 oozes
  3 adder zombies
  3 worms
  2 dart slugs
  4 leopard geckos
  75 orcs
  5 bats
  2 giant cockroaches
  5 hobgoblins
  19 jackals
  9 kobolds
  4 quokkas
  2 ball pythons (Sewer)
  9 frilled lizards
  A giant cockroach zombie (Ossuary)
  5 goblins
  A jackal skeleton (D:6)
  A leopard gecko skeleton (D:4)
  A quokka skeleton (D:8)
  A quokka zombie (Ossuary)
  10 rats
  A bush (D:5)
  2 fungi (Lair:1)
  A plant (Lair:2)
  3 withered plants (Ossuary)
700 creatures vanquished.

Vanquished Creatures (others)
  A centaur warrior (D:13)
  A cyclops (D:13)
  A centaur (D:12)
  An orc (Orc:2)
  5 fungi
  A plant (Lair:2)
  A withered plant (Ossuary)
11 creatures vanquished.

Grand Total: 711 creatures vanquished

Notes
Turn   | Place    | Note
-------+----------+-------------------------------------------
     0 | D:1      | Peloso the Minotaur Fighter began the quest for the Orb.
     0 | D:1      | Reached XP level 1. HP: 19/19 MP: 0/0
   326 | D:1      | Reached XP level 2. HP: 27/27 MP: 1/1
   488 | D:1      | Reached skill level 4 in Shields
   829 | D:2      | Reached XP level 3. HP: 28/33 MP: 2/2
  1088 | D:2      | Reached XP level 4. HP: 33/41 MP: 3/3
  1335 | D:2      | Noticed Jessica
  1338 | D:2      | Found a glowing silver altar of Zin.
  1344 | D:2      | Killed Jessica
  1370 | D:2      | Found a blossoming altar of Fedhas.
  1376 | D:2      | Found a snail-covered altar of Cheibriados.
  1378 | D:2      | Found a glowing golden altar of the Shining One.
  1378 | D:2      | Found a white marble altar of Elyvilon.
  1378 | D:2      | Found a hide-covered altar of Uskayaw.
  1379 | D:2      | Found an ornate altar of the Wu Jian Council.
  1381 | D:2      | Found a radiant altar of Vehumet.
  1382 | D:2      | Found a basalt altar of Yredelemnul.
  1383 | D:2      | Found a shattered altar of Ashenzari.
  1633 | D:3      | Found a glowing drain.
  1640 | D:3      | Found a shimmering altar of Xom.
  1647 | D:3      | Reached XP level 5. HP: 47/47 MP: 4/4
  1665 | Sewer    | Entered a sewer
  2252 | D:3      | Reached skill level 5 in Long Blades
  2498 | D:4      | Noticed a phantom
  2520 | D:4      | Killed a phantom
  2520 | D:4      | Reached XP level 6. HP: 51/53 MP: 5/5
  2634 | D:4      | HP: 2/53 [orc priest/divine providence (12)]
  2636 | D:4      | Reached skill level 5 in Armour
  2636 | D:4      | Reached skill level 5 in Shields
  3461 | D:5      | Entered Level 5 of the Dungeon
  3463 | D:5      | Reached XP level 7. HP: 60/60 MP: 6/6
  3485 | D:5      | Reached skill level 5 in Fighting
  3769 | D:5      | Found Ocvaan's Antique Weapon Emporium.
  3778 | D:5      | Got a warped long sword
  3779 | D:5      | Identified the +11 long sword of Juonty {drain, Str+4
                  | Stlth-} (You found it on level 5 of the Dungeon)
  3873 | D:5      | Found a runed translucent door.
  3893 | D:5      | Noticed VPR's ghost (novice HOFi)
  3905 | D:5      | Reached skill level 6 in Shields
  3916 | D:5      | Killed VPR's ghost
  3916 | D:5      | Reached XP level 8. HP: 44/70 MP: 7/7
  3960 | D:5      | Reached skill level 7 in Shields
  4506 | D:6      | Found a sparkling altar of Nemelex Xobeh.
  4798 | D:5      | Got a crude chain mail
  4809 | D:5      | Identified the +1 chain mail of the Mantidfly {Int+4
                  | Stlth+} (You found it on level 5 of the Dungeon)
  5151 | D:7      | Found a sand-covered staircase.
  5157 | Ossuary  | Entered an ossuary
  5282 | Ossuary  | Reached skill level 8 in Shields
  5296 | Ossuary  | Reached XP level 9. HP: 73/78 MP: 8/8
  5870 | D:6      | Reached skill level 10 in Long Blades
  6145 | D:6      | Found a staircase to the Ecumenical Temple.
  6153 | Temple   | Entered the Ecumenical Temple
  6191 | Temple   | Became a worshipper of Warmaster Okawaru
  6996 | D:8      | Found a sparkling altar of Nemelex Xobeh.
  7014 | D:8      | Reached skill level 9 in Shields
  7096 | D:8      | Reached skill level 1 in Dodging
  7104 | D:8      | Reached * piety under Okawaru
  7146 | D:8      | Got a wavering ivory ring
  7242 | D:8      | Noticed a two-headed ogre
  7252 | D:8      | Killed a two-headed ogre
  7252 | D:8      | Reached XP level 10. HP: 67/88 MP: 6/9
  7309 | D:8      | Reached ** piety under Okawaru
  7840 | D:9      | Reached skill level 10 in Shields
  8115 | D:9      | Identified the ring of Elyvilon's Displeasure {rF+ MP+9}
                  | (You found it on level 8 of the Dungeon)
  8165 | D:9      | Reached *** piety under Okawaru
  8220 | D:9      | Found an iron altar of Okawaru.
  8336 | D:10     | Entered Level 10 of the Dungeon
  8367 | D:10     | Found a staircase to the Lair.
  8604 | D:10     | Reached skill level 11 in Shields
  8604 | D:10     | Reached XP level 11. HP: 69/95 MP: 10/10
  8606 | D:10     | Reached **** piety under Okawaru
  8667 | D:10     | Found Kemerap's Assorted Antiques.
  8677 | D:10     | Bought a smoking chain mail for 256 gold pieces
  8691 | D:10     | Identified the cursed +0 chain mail of Winter {rElec rC+
                  | rN++} (You bought it in a shop on level 10 of the Dungeon)
  8744 | D:10     | Found a staircase to the Orcish Mines.
  9044 | D:11     | Noticed Rohyif's ghost (journeyman GnGl)
  9045 | D:11     | Noticed a minotaur
  9045 | D:11     | Noticed a six-headed hydra
  9045 | D:11     | Noticed a seven-headed hydra
  9046 | D:11     | Noticed an unseen horror
  9075 | D:11     | Found a runed translucent gate.
  9075 | D:11     | Found a runed translucent gate.
  9075 | D:11     | Found a runed translucent gate.
  9729 | Lair:1   | Entered Level 1 of the Lair of Beasts
  9740 | Lair:1   | Got a warped bronze amulet
  9742 | Lair:1   | Identified the amulet "Koucon" {Reflect +Fly rElec rC-
                  | Int+4 SH+5} (You found it on level 1 of the Lair of Beasts)
  9787 | Lair:1   | Reached skill level 10 in Armour
  9801 | Lair:1   | Reached ***** piety under Okawaru
  9923 | Lair:1   | Received a gift from Okawaru
  9951 | Lair:1   | Noticed a six-headed hydra
 10027 | D:12     | Noticed an unseen horror
 10035 | D:12     | Killed an unseen horror
 10050 | D:12     | Reached skill level 12 in Shields
 10123 | D:12     | Noticed a green ugly thing
 10131 | D:12     | Killed a green ugly thing
 10147 | D:12     | Reached XP level 12. HP: 34/106 MP: 9/11
 10163 | D:12     | Reached ****** piety under Okawaru
 10214 | D:12     | Reached skill level 10 in Fighting
 10708 | D:12     | Noticed Josephine
 10724 | D:12     | Killed Josephine
 10724 | D:12     | Received a gift from Okawaru
 10724 | D:12     | Reached skill level 13 in Shields
 10753 | D:12     | Got a jewelled broad axe {god gift}
 10754 | D:12     | Identified the +1 broad axe of the Maze {chop, rF+ rN+
                  | Int+6 Stlth+} (Okawaru gifted it to you on level 12 of the
                  | Dungeon)
 10881 | D:12     | Noticed Frances
 10892 | D:12     | Killed Frances
 11158 | D:13     | Found a white marble altar of Elyvilon.
 11165 | D:13     | Noticed a centaur warrior
 11168 | D:13     | Killed a centaur warrior
 11308 | D:13     | Noticed Sonja
 11325 | D:13     | Killed Sonja
 11325 | D:13     | Received a gift from Okawaru
 11962 | D:14     | Noticed a centaur warrior
 11970 | D:14     | Killed a centaur warrior
 11987 | D:14     | Reached skill level 1 in Stealth
 12007 | D:14     | Found a gate to the Vaults.
 12007 | D:14     | Noticed a two-headed ogre
 12007 | D:14     | Noticed a two-headed ogre
 12008 | D:14     | Noticed an ogre mage
 12008 | D:14     | Noticed a centaur warrior
 12012 | D:14     | Killed a two-headed ogre
 12012 | D:14     | Reached skill level 14 in Shields
 12018 | D:14     | Killed a two-headed ogre
 12033 | D:14     | Killed a centaur warrior
 12039 | D:14     | Reached XP level 13. HP: 82/116 MP: 12/12
 12269 | D:14     | Reached skill level 15 in Long Blades
 13011 | Lair:1   | Noticed Fannar
 13028 | Lair:1   | Killed Fannar
 13028 | Lair:1   | Reached skill level 1 in Evocations
 13876 | Lair:2   | Reached skill level 15 in Shields
 13888 | Lair:2   | Received a gift from Okawaru
 14203 | Lair:2   | Found a hole to the Spider Nest.
 15894 | Lair:4   | Found a staircase to the Swamp.
 15927 | Lair:4   | Reached skill level 16 in Shields
 16243 | Lair:5   | Reached XP level 14. HP: 100/126 MP: 11/14
 16268 | Lair:5   | Found a staircase to the Slime Pits.
 16318 | Lair:5   | Got a flickering granite ring
 16383 | Lair:5   | Received a gift from Okawaru
 17016 | Orc:1    | Entered Level 1 of the Orcish Mines
 17016 | Orc:1    | Found a runed translucent door.
 17087 | Orc:1    | Noticed PejaSLU's ghost (journeyman MiBe)
 17109 | Orc:1    | Found Muqed's Food Shoppe.
 17218 | Orc:1    | Killed PejaSLU's ghost
 17257 | Orc:2    | Entered Level 2 of the Orcish Mines
 17423 | Orc:2    | Found a staircase to the Elven Halls.
 18855 | Orc:2    | Found a roughly hewn altar of Beogh.
 18886 | Orc:2    | Found Ulojob's Jewellery Shoppe.
 18886 | Orc:2    | Found Gyheig's Assorted Antiques.
 19301 | Orc:2    | Found Lonaevez's Jewellery Shoppe.
 19301 | Orc:2    | Found Sorophou's Gadget Boutique.
 19830 | D:14     | Noticed Agnes
 19842 | D:14     | Killed Agnes
 19842 | D:14     | Reached skill level 17 in Shields
 19842 | D:14     | Reached skill level 1 in Invocations
 20073 | D:14     | Reached skill level 5 in Dodging
 20449 | D:15     | Entered Level 15 of the Dungeon
 20449 | D:15     | Noticed Jorgrun
 20458 | D:15     | Killed Jorgrun
 20474 | D:15     | Received a gift from Okawaru
 20944 | D:15     | Found a shadowy altar of Dithmenos.
 20944 | D:15     | Found a radiant altar of Vehumet.
 20948 | D:15     | Noticed a stone giant
 20973 | D:15     | Identified the ring "Ussois" {*Tele +Inv rC- MR+ Dex+2}
                  | (You found it on level 5 of the Lair of Beasts)
 21024 | D:15     | Killed a stone giant
 21274 | D:15     | Found a staircase to the Depths.
 21330 | D:15     | Reached XP level 15. HP: 27/135 MP: 12/15
 22610 | Swamp:1  | Entered Level 1 of the Swamp
 22968 | Lair:4   | Received a gift from Okawaru
 23137 | Swamp:1  | Noticed Donald
 23153 | Swamp:1  | Killed Donald
 23191 | Swamp:1  | Reached skill level 18 in Shields
 25489 | Swamp:3  | Received a gift from Okawaru
 25496 | Swamp:3  | Mangled by a shambling mangrove

Levels and vault maps discovered:
D:1:      dpeg_arrival_simpleton_c, layout_loops_corners, wad_floor_pattern_1
D:2:      layout_basic, minitemple, uniq_jessica
D:3:      layout_rooms, xom_butterflies, first_ration, gup_sewer_entry_glass
D:4:      layout_gridville, hex_medium
D:5:      minmay_spotlight, layout_loops_ring, serial_shops, nicolae_shop_stone,
          ebering_ghost_sewer_d, chequers_garden, kb_lookout_dungeons_type
D:6:      layout_basic, kennysheep_little_box, minmay_temple_entry_hall,
          corner_web_ring, minmay_misc_feat_roman
D:7:      layout_loops_corners, nicolae_ossuary_entry_plus
D:8:      layout_gridville, nemelex_spade_bored_becter
D:9:      layout_roguey, okawaru_trees_2
D:10:     layout_loops_cross, lair_entry_dummy, orc_0_dummy, serial_shops,
          nicolae_shop_window_shopping
D:11:     layout_roguey, maelrawn_ghost_gauntlet_escape, grunt_tengu_nest,
          minmay_misc_feat_ornament, kennysheep_generic_room_16
D:12:     layout_basic, nrook_loot_triangle, uniq_josephine, uniq_frances
D:13:     layout_long_grid, basic_altar, uniq_sonja
D:14:     layout_rooms, david_vaults_2, evilmike_butchery, uniq_agnes
D:15:     grunt_enter_depths_hoard, layout_long_grid,
          chequers_serial_rivers_room_b, roderic_st_hans_cross,
          jmf_multi_god_temple, uniq_jorgrun
Temple:   jpeg_temple_alley_garden
Lair:1:   layout_regular_city, grunt_megastairs_2, lemuel_fruit_fields,
          uniq_fannar
Lair:2:   layout_chaotic_city, nicolae_spider_entry_orb_guardian,
          serial_bayou_shore_a, minmay_lair_oklob_chamber
Lair:3:   layout_regular_city, guppyfry_lair_drakes, infiniplex_staircase_pool,
          lemuel_fruit_tree
Lair:4:   layout_hall_layers, minmay_swamp_entry_worms
Lair:5:   layout_hall_layers, nicolae_slime_entry_slimehenge, st_stairs_7,
          infiniplex_staircase_pool_2
Swamp:1:  layout_basic_swamp, nicolae_swamp_treefoil, uniq_donald
Swamp:2:  layout_basic_swamp, nicolae_swamp_fairy_circle, swamp_pool1
Swamp:3:  layout_basic_swamp, serial_swamp_ruin, evilmike_swamp_ruin_house_5,
          hangedman_swamp_ruin_hall
Orc:1:    layout_caves, ebering_ghost_reflecting_pool, serial_shops, shop
Orc:2:    st_orc_town, layout_caves

Skill      XL: |  1  2  3  4  5  6  7  8  9 10 11 12 13 14 15 |
---------------+----------------------------------------------+-----
Armour         | 4 5 6 7 8 9 10 11 13 14 | 14.6
Shields        | 4 5 6 8 9 11 12 14 16 17 18 | 18.7
Fighting       | 4 5 6 7 8 9 11 12 13 | 13.7
Long Blades    | 3 4 5 6 7 9 11 12 14 15 16 | 16.6
Dodging        | 1 2 3 4 5 6 |  6.2
Stealth        | 1 2 |  2.1
Evocations     | 1 |  1.5
Invocations    | 1 2 |  2.0

Action                   |  1- 3 |  4- 6 |  7- 9 | 10-12 | 13-15 || total
-------------------------+-------+-------+-------+-------+-------++-------
Melee: Long sword        |    80 |   157 |   313 |   464 |   909 ||  1923
       Headbutt          |    11 |    35 |    80 |   100 |   326 ||   552
       Scimitar          |       |       |       |       |   231 ||   231
Invok: Heroism           |       |       |     1 |     1 |    18 ||    20
       Finesse           |       |       |       |       |     1 ||     1
Evoke: Wand              |       |     2 |     4 |       |    12 ||    18
  Use: Potion            |     1 |     4 |     2 |       |     1 ||     8
       Scroll            |       |       |     8 |     8 |     9 ||    25
  Eat: Chunk             |       |     9 |     8 |    16 |    37 ||    70
       Ration            |       |       |     2 |       |     2 ||     4
Armor: Scale mail        |     3 |       |       |       |       ||     3
       Plate armour      |    53 |    91 |    99 |    46 |       ||   289
       Chain mail        |       |       |       |    72 |   350 ||   422
Dodge: Dodged            |    18 |    31 |    56 |    76 |   306 ||   487
Block: Shield            |    52 |   105 |   154 |   376 |  1218 ||  1905
       Reflection        |       |       |       |    26 |    40 ||    66
       Rpst.: Long sword |     4 |     8 |    14 |    20 |    35 ||    81
       Scimitar          |       |       |       |       |    23 ||    23
